 Dungeon Crawl Stone Soup version 0.22.1-1-ga44c0e56f4 (webtiles) character file.

31 Masnef the Caller (level 3, 16/19 HPs)
             Began as a Tengu Summoner on Oct 25, 2018.
             Was a Follower of Yredelemnul.
             Quit the game on level 3 of the Dungeon.
             The game lasted 00:03:43 (1300 turns).

Masnef the Caller (Tengu Summoner)                  Turns: 1300, Time: 00:03:43

Health: 16/19      AC:  2    Str:  8    XL:     3   Next: 22%
Magic:  5/7        EV: 13    Int: 16    God:    Yredelemnul [*.....]
Gold:   119        SH:  0    Dex: 14    Spells: 1/6 levels left

rFire    . . .     SeeInvis .   n - -1 dagger (curse)
rCold    . . .     Gourm    .   (no shield)
rNeg     . . .     Faith    .   a - +0 robe
rPois    .         Spirit   .   (helmet restricted)
rElec    .         Reflect  .   (no cloak)
rCorr    .         Harm     .   (no gloves)
MR       .....                  (boots unavailable)
Stlth    ++........             (no amulet)
HPRegen  0.06/turn              (no ring)
MPRegen  0.10/turn              (no ring)

@: no status effects
A: beak, talons 3
a: Animate Remains, Renounce Religion


You were on level 3 of the Dungeon.
You worshipped Yredelemnul.
Yredelemnul was aware of your devotion.
You were hungry.

You visited 1 branch of the dungeon, and saw 3 of its levels.

You collected 119 gold pieces.

Inventory:

Hand Weapons
 f - a +0 dagger of protection
 n - a cursed -1 dagger (weapon)
Armour
 a - a +0 robe (worn)
Wands
 i - a wand of paralysis (15)
Scrolls
 d - a scroll of fear
 g - 2 scrolls of teleportation
 l - a scroll of enchant weapon {unknown}
 o - a scroll of enchant armour {unknown}
Potions
 b - a potion of haste {unknown}
 e - 4 potions of curing {unknown}
 h - 3 potions of heal wounds {unknown}
 j - a potion of ambrosia {unknown}
 k - a potion of agility {unknown}
 m - a potion of magic {unknown}
Comestibles
 c - 3 rations


   Skills:
 + Level 2.5 Dodging
 - Level 2.0 Stealth
 + Level 2.2 Spellcasting
 + Level 5.6 Summonings


You had one spell level left.
You knew the following spells:

 Your Spells              Type           Power        Failure   Level  Hunger
a - Call Canine Familiar  Summ           ###.....     6%          3    ###....
b - Call Imp              Summ           ###.....     3%          2    ###....

Your spell library contained the following spells:

 Spells                   Type           Power        Failure   Level  Hunger
 Summon Small Mammal      Summ           ###.         1%          1    #......
 Summon Guardian Golem    Hex/Summ       ##......     19%         3    ###....
 Summon Ice Beast         Ice/Summ       ##......     54%         4    #####..
 Summon Lightning Spire   Summ/Air       ##......     54%         4    #####..


Dungeon Overview and Level Annotations

Branches:
Dungeon (3/15)

Altars:
Yredelemnul


Innate Abilities, Weirdness & Mutations

You have a beak for a mouth.
You have claws for feet.


Message History

There is a stone staircase leading up here.
You are feeling hungry.
A giant cockroach comes into view.
The giant cockroach bites you.
You barely miss the giant cockroach. You peck the giant cockroach.
The giant cockroach is severely wounded.
The giant cockroach misses you.
You hit the giant cockroach but do no damage.
You claw the giant cockroach, but do no damage.
You peck the giant cockroach.
You kill the giant cockroach!
Yredelemnul accepts your kill.
You see here a giant cockroach corpse.
You attempt to give life to the dead...
The dead are crawling!
You feel somewhat more hungry.
You swap places.
You swap places.
Found a glowing buckler.
Found 19 arrows.
Are you sure you want to abandon this character and quit the game? (Confirm

.#####.###.###..#.#
..........####..#.
####..............
........######....
####.##.# .
####.##.#
#.......#######[
#.#####Z........
#@#######.
#....(... #.#######
#.# ... ###


You could see a friendly giant cockroach zombie.

Vanquished Creatures
  A bat (D:2)
  3 giant cockroaches
  5 hobgoblins
  2 kobolds (D:2)
  2 quokkas (D:2)
  3 frilled lizards
  2 goblins
  2 rats
20 creatures vanquished.

Vanquished Creatures (collateral kills)
  An adder (D:2)
  A bat (D:2)
  A hobgoblin (D:2)
  A frilled lizard (D:2)
4 creatures vanquished.

Grand Total: 24 creatures vanquished

Notes
Turn   | Place    | Note
-------+----------+-------------------------------------------
     0 | D:1      | Masnef the Tengu Summoner began the quest for the Orb.
     0 | D:1      | Reached XP level 1. HP: 10/10 MP: 4/4
    86 | D:1      | Reached skill level 5 in Summonings
   326 | D:1      | Reached XP level 2. HP: 14/15 MP: 6/6
   330 | D:1      | Learned a level 2 spell: Call Imp
   975 | D:2      | Reached XP level 3. HP: 19/19 MP: 7/7
  1049 | D:2      | Learned a level 3 spell: Call Canine Familiar
  1210 | D:2      | Found a faded altar of an unknown god.
  1237 | D:2      | Became a worshipper of Yredelemnul the Dark
  1237 | D:2      | Reached * piety under Yredelemnul
  1300 | D:3      | Quit the game

Skill      XL: |  1 |
---------------+----+-----
Summonings     | 5 |  5.6
Dodging        | |  2.5
Stealth        | |  2.0
Spellcasting   | |  2.2

Action                   || total
-------------------------++-------
Melee: Unarmed           ||    24
       Kick              ||    18
       Dagger            ||    49
       Peck              ||     5
 Cast: Call Imp          ||     5
Invok: Animate Remains   ||     1
  Use: Scroll            ||     5
 Stab: Sleeping          ||     5
  Eat: Chunk             ||     1
Armor: Robe              ||    15
Dodge: Dodged            ||    48
